 Dungeon Crawl Stone Soup version 0.29.1-15-g9cfb28693d (webtiles) character file.

Game seed: 14727193448269402752

1428 devnull the Cleaver (level 9, 0/61 HPs)
             Began as a Human Gladiator on Feb 20, 2023.
             Was a Follower of Zin.
             Killed from afar by an orc wizard (3 damage)
             ... with a magic dart
             ... on level 6 of the Dungeon on Feb 25, 2023.
             The game lasted 00:13:35 (5424 turns).

devnull the Cleaver (Human Gladiator)               Turns: 5424, Time: 00:13:36

Health: 0/61       AC: 15    Str: 18    XL:     9   Next: 3%
Magic:  9/9        EV:  8    Int:  8    God:    Zin [*.....]
Gold:   209        SH:  0    Dex: 16    Spells: 8/8 levels left

rFire   . . .      SeeInvis .   B - +3 hand axe (flame)
rCold   . . .      Faith    .   (no shield)
rNeg    . . .      Spirit   .   z - +0 chain mail
rPois   .          Reflect  .   f - +2 helmet
rElec   .          Harm     .   (no cloak)
rCorr   +          Rampage  .   (no gloves)
Will    .....                   (no boots)
Stlth   ..........              i - amulet of the acrobat
HPRegen 0.20/turn               v - +4 ring of protection
MPRegen 0.11/turn               t - ring of resist corrosion

@: no status effects
A: no striking features
a: Renounce Religion, Recite, Donate Gold


You were on level 6 of the Dungeon.
You worshipped Zin.
Zin was aware of your devotion.
You visited 2 branches of the dungeon, and saw 7 of its levels.

You collected 232 gold pieces.
You donated 23 gold pieces to Zin.

Inventory:

Hand Weapons
 a - a +0 war axe
 B - a +3 hand axe of flaming (weapon)
Missiles
 d - 3 throwing nets (quivered)
 e - 5 javelins
 r - 9 poisoned darts
Armour
 f - a +2 helmet (worn)
 z - a +0 chain mail (worn)
Jewellery
 i - an amulet of the acrobat (around neck)
 j - a ring of protection from cold
 t - a ring of resist corrosion (right hand)
 v - a +4 ring of protection (left hand)
Wands
 p - a wand of flame (19)
 C - a wand of charming (13)
Scrolls
 g - a scroll of vulnerability
 k - 2 scrolls of enchant weapon
 l - a scroll of noise
 s - 2 scrolls of fog
 w - 2 scrolls of silence
 x - 2 scrolls of teleportation
 y - a scroll of poison {unknown}
 A - a scroll of identify
Potions
 b - a potion of resistance {unknown}
 c - a potion of mutation {unknown}
 h - 2 potions of degeneration {unknown}
 m - 2 potions of lignification {unknown}
 n - a potion of heal wounds
 o - 2 potions of brilliance {unknown}
 q - a potion of flight {unknown}
 u - 2 potions of curing {unknown}
 D - 2 potions of invisibility {unknown}


   Skills:
 - Level 2.0 Fighting
 + Level 9.3(10.0) Axes
 - Level 5.5(8.1) Maces & Flails
 - Level 2.0 Throwing
 - Level 3.0 Dodging


You had 8 spell levels left.
You didn't know any spells.
Your spell library contained the following spells:

 Spells                   Type           Power      Damage    Failure   Level
 Necrotise                Necr           0%         1d4       100%        1
 Ensorcelled Hibernation  Hex/Ice        0%         N/A       100%        2
 Passwall                 Tmut/Erth      0%         N/A       100%        2
 Confusing Touch          Hex            0%         N/A       100%        3
 Swiftness                Air            0%         N/A       100%        3
 Vampiric Draining        Necr           0%         2d6       100%        3
 Airstrike                Air            0%         2d(0-16)  100%        4
 Anguish                  Hex/Necr       0%         N/A       100%        4
 Agony                    Necr           0%         N/A       100%        5
 Borgnjor's Vile Clutch   Necr/Erth      0%         N/A       100%        5
 Yara's Violent Unravell  Hex/Tmut       0%         3d3       100%        5
 Enfeeble                 Hex            0%         N/A       100%        7
 Storm Form               Tmut/Air       0%         N/A       100%        7


Dungeon Overview and Level Annotations

Branches:
Dungeon (6/15)             Temple (1/1) D:5

Altars:
Ashenzari
Cheibriados
Dithmenos
Elyvilon
Fedhas
Gozag
Hepliaklqana
Kikubaaqudgha
Nemelex Xobeh
Ru
Sif Muna
Trog
Uskayaw
Vehumet
Wu Jian
Xom
Yredelemnul
Zin

Shops:
D:2 ([

Annotations:
D:5 2 runed translucent doors, fitz's ghost, novice FoFi


Message History

Something hits you.
* * * LOW HITPOINT WARNING * * *
The gnoll sergeant completely misses you.
Something hits you but does no damage. The gnoll sergeant misses you.
The gnoll sergeant attacks as you move away!
The gnoll sergeant barely misses you.
You hear some strange, mumbled words.
A magic dart appears from out of thin air!
The magic dart hits you but does no damage.
The gnoll sergeant barely misses you.
You're too confused to move!
Something hits you but does no damage.
The gnoll sergeant hits you but does no damage.
You bump into the rock wall.
Something hits you but does no damage. The gnoll sergeant closely misses you.
Something hits you but does no damage.
You hear some strange, mumbled words.
A puff of flame appears from out of thin air!
The puff of flame misses you. Something hits you but does no damage.
The gnoll sergeant misses you.
You hear some strange, mumbled words.
A puff of flame appears from out of thin air!
The puff of flame misses you. Something hits you but does no damage.
The gnoll sergeant barely misses you.
You bump into the rock wall.
You feel less confused. Something hits you but does no damage.
The gnoll sergeant hits you with a +0 trident.
* * * LOW HITPOINT WARNING * * *
The gnoll sergeant hits you from afar with a +0 trident!
* * * LOW HITPOINT WARNING * * *
Something closely misses you.
You are ready to recite again.
An orc wizard appears from thin air!
Reactivating autopickup.
The orc wizard casts a spell at you.
You easily resist.
There is a stone staircase leading up, spattered with blood here.
The orc wizard gestures at you while chanting.
The magic dart hits you.
You die...

#..###........... ##
#............[. .###.
....##.[.....# ..#..
#...?#....).)# .... $
#.........#.## ...##..
###...........##.##....
#........).............
#.......)##....)....##.
........@).....).......
.........##..##(.......
........o##..#.........
.........g.............
...##.........###.....#
...#.........## ..##.#
. ##.........# ... ..
#........... ..##
#........##.. .#


You could see a gnoll sergeant and an orc wizard.

Vanquished Creatures
  Pikel (D:5)
  Sigmund (D:2)
  Eustachio (D:5)
  An orc warrior (D:5)
  4 lemures (D:5)
  Blork the orc (D:5)
  A bullfrog (D:5)
  A howler monkey (D:5)
  2 orc priests
  A hound (D:4)
  Ijyb (D:5)
  2 iguanas
  3 orc wizards
  5 gnolls
  4 adders
  2 ufetubi
  A worm (D:4)
  5 dart slugs
  19 orcs
  4 endoplasms
  A giant cockroach (D:1)
  5 hobgoblins
  6 jackals
  6 kobolds
  4 quokkas
  8 ball pythons
  3 bats
  5 frilled lizards
  5 goblins
  3 rats
106 creatures vanquished.

Vanquished Creatures (others)
  13 fungi (D:5)
  A plant (D:3)
14 creatures vanquished.

Grand Total: 120 creatures vanquished

Notes
Turn   | Place    | Note
-------+----------+-------------------------------------------
     0 | D:1      | devnull the Human Gladiator began the quest for the Orb.
     0 | D:1      | Reached XP level 1. HP: 16/16 MP: 1/1
   178 | D:1      | Reached XP level 2. HP: 22/22 MP: 2/2
   426 | D:1      | Found a faded altar of an unknown god.
   701 | D:1      | Reached skill level 4 in Axes
   701 | D:1      | Reached XP level 3. HP: 23/27 MP: 3/3
   702 | D:1      | Got the Volume of Windy Unholy Liturgies
   966 | D:2      | Found Qiced's Weapon Boutique.
   999 | D:2      | Found Ankecruth's Antique Armour Emporium.
  1585 | D:2      | Reached XP level 4. HP: 33/33 MP: 4/4
  1595 | D:2      | Noticed Sigmund
  1701 | D:2      | Killed Sigmund
  1702 | D:2      | Reached skill level 6 in Axes
  1702 | D:2      | Reached XP level 5. HP: 15/38 MP: 5/5
  1702 | D:2      | Reached XP level 6. HP: 18/44 MP: 6/6
  2582 | D:3      | Identified the +7 whip "Zuitehuck" {vamp, Drain rN+ MP+9
                  | Str+9}
  2664 | D:3      | Found a white marble altar of Elyvilon.
  2959 | D:3      | Found a broken altar of Ashenzari.
  2960 | D:3      | Found a blossoming altar of Fedhas.
  3234 | D:4      | Reached skill level 1 in Maces & Flails
  3557 | D:4      | Reached XP level 7. HP: 50/50 MP: 7/7
  3803 | D:5      | Entered Level 5 of the Dungeon
  3803 | D:5      | Noticed Pikel
  3804 | D:5      | Noticed Eustachio
  3854 | D:5      | Upgraded the game from 0.29.1-14-g9c671dbff4 to
                  | 0.29.1-15-g9cfb28693d
  3902 | D:5      | Found a large runed translucent door.
  3902 | D:5      | Found a large runed translucent door.
  3903 | D:5      | Noticed fitz's ghost (novice FoFi)
  3982 | D:5      | Found a basalt altar of Yredelemnul.
  4008 | D:5      | Found a radiant altar of Vehumet.
  4080 | D:5      | Noticed Ijyb
  4111 | D:5      | Killed Ijyb
  4211 | D:5      | Noticed Blork the orc
  4221 | D:5      | Reached skill level 5 in Maces & Flails
  4235 | D:5      | Killed Blork the orc
  4236 | D:5      | Reached XP level 8. HP: 56/56 MP: 8/8
  4274 | D:5      | Found a staircase to the Ecumenical Temple.
  4278 | Temple   | Entered the Ecumenical Temple
  4334 | Temple   | Became a worshipper of Zin the Law-Giver
  4334 | Temple   | Reached * piety under Zin
  4398 | D:5      | Killed Eustachio
  4399 | D:5      | Reached skill level 7 in Axes
  4613 | D:5      | Killed Pikel
  4614 | D:5      | Reached skill level 8 in Axes
  4906 | D:5      | Reached skill level 9 in Axes
  5362 | D:5      | Reached XP level 9. HP: 57/61 MP: 9/9
  5418 | D:6      | HP: 2/61 [gnoll sergeant/+0 trident (7)]
  5424 | D:6      | Killed from afar by an orc wizard

Illustrated notes

Levels and vault maps discovered:
D:1:      amcnicky_arrival_double_pillar, layout_basic,
          shapermc_ecumenical_altar_petra, minmay_split_cup_large
D:2:      layout_basic, serial_shops, nicolae_shop_waterfront,
          nicolae_square_shop, minmay_liquid_box, nicolae_eternal_life,
          kennysheep_cross_bottleneck, uniq_sigmund
D:3:      layout_loops_corners, gammafunk_temple_overflow_forgotten
D:4:      layout_loops_ring
D:5:      layout_rooms, nicolae_overflow_squiral, minmay_temple_entry_trees,
          serial_aquarium, aquarium_bridge_long_separate
          [aquarium_subvault_bridge, aquarium_subvault_bridge,
          aquarium_subvault_window, aquarium_subvault_window,
          aquarium_subvault_bridge, aquarium_subvault_bridge],
          aquarium_bridge_square [aquarium_subvault_bridge,
          aquarium_subvault_bridge, aquarium_subvault_balcony,
          aquarium_subvault_window], aquarium_window_fake, aquarium_window_fake,
          aquarium_view_2f, aquarium_view_2e, ebering_ghost_disaster_area,
          minmay_misc_feat_encased, uniq_blork_the_orc, uniq_ijyb,
          uniq_eustachio, uniq_pikel
D:6:      layout_cave_pools
Temple:   nicolae_temple_ecumenical_triangle

Skill      XL: |  1  2  3  4  5  6  7  8 |
---------------+-------------------------+-----
Axes           | 4 6 9 |  9.3
Maces & Flails | 2 5 |  5.5
Fighting       | |  2.0
Throwing       | |  2.0
Dodging        | |  3.0

Action                   |  1- 3 |  4- 6 |  7- 9 || total
-------------------------+-------+-------+-------++-------
Melee: War axe           |    95 |    39 |       ||   134
       Whip              |       |    60 |    79 ||   139
       Punch             |       |       |     4 ||     4
       Hand axe          |       |       |    87 ||    87
Throw: Dart              |       |    10 |       ||    10
       Throwing net      |       |     2 |     3 ||     5
Invok: Recite            |       |       |     1 ||     1
  Use: Scroll            |       |     2 |     4 ||     6
       Potion            |       |       |     2 ||     2
 Stab: Sleeping          |     1 |       |       ||     1
Armor: Leather armour    |    31 |     4 |       ||    35
       Ring mail         |       |    27 |     4 ||    31
       Scale mail        |       |       |    57 ||    57
       Chain mail        |       |       |    39 ||    39
Dodge: Dodged            |   106 |    53 |   125 ||   284
